 Dungeon Crawl Stone Soup version 0.30-a0-1053-gbd8d5ba0ad (webtiles) character file.

Game seed: 4346331554430461856

107 cforsyth the Caller (level 4, 0/27 HPs)
             Began as an Octopode Summoner on Apr 11, 2023.
             Slain by a quokka (4 damage)
             ... on level 3 of the Dungeon.
             The game lasted 00:03:22 (2228 turns).

cforsyth the Caller (Octopode Summoner)             Turns: 2228, Time: 00:03:22

Health: 0/27       AC:  1    Str:  7    XL:     4   Next: 86%
Magic:  1/9        EV: 13    Int: 25    God:
Gold:   175        SH:  0    Dex: 12    Spells: 0/9 levels left

rFire   . . .      SeeInvis .    (no weapon)
rCold   . . .      Faith    .    (no shield)
rNeg    + . .      Spirit   .    (helmet restricted)
rPois   .          Reflect  .    (no amulet)
rElec   .          Rampage  .    c - +6 ring of intelligence
rCorr   .                        l - ring of positive energy
Will    .....                    (no ring)
Stlth   +++                      (no ring)
HPRegen 0.24/turn                (no ring)
MPRegen 0.11/turn                (no ring)
                                 (no ring)
                                 (no ring)

@: no status effects
A: almost no armour, amphibious, 8 rings, camouflage 1, gelatinous body 1,
(nimble swimmer 1), tentacles
a: no special abilities


You were on level 3 of the Dungeon.
You visited 1 branch of the dungeon, and saw 3 of its levels.

You collected 175 gold pieces.

Inventory:

Jewellery
 c - a +6 ring of intelligence (left tentacle)
 l - a ring of positive energy (right tentacle)
Wands
 j - a wand of iceblast (7)
Scrolls
 d - 2 scrolls of blinking {unknown}
 e - a scroll of silence {unknown}
 g - a scroll of poison {unknown}
 h - a scroll of amnesia {unknown}
 i - a scroll of noise {unknown}
Potions
 a - a potion of magic
 b - a potion of might {unknown}
 f - a potion of heal wounds {unknown}
 k - a potion of flight {unknown}
 m - a potion of resistance {unknown}


   Skills:
 - Level 2.0 Dodging
 - Level 2.6 Stealth
 + Level 3.3 Spellcasting
 + Level 0.6 Hexes
 + Level 5.0 Summonings


You couldn't memorise any spells.
You knew the following spells:

 Your Spells              Type           Power      Damage    Failure   Level
a - Summon Small Mammal   Summ           100%       N/A       1%          1
b - Call Imp              Summ           58%        N/A       1%          2
c - Call Canine Familiar  Summ           29%        N/A       3%          3
d - Summon Guardian Gole  Hex/Summ       18%        N/A       9%          3

Your spell library contained the following spells:

 Spells                   Type           Power      Damage    Failure   Level
 Sandblast                Erth           8%         2d5       10%         1
 Passwall                 Tmut/Erth      3%         N/A       14%         2
 Sublimation of Blood     Necr           4%         N/A       14%         2
 Gell's Gravitas          Tloc           4%         N/A       28%         3
 Stone Arrow              Conj/Erth      8%         3d7       28%         3
 Teleport Other           Tloc           4%         N/A       28%         3
 Summon Lightning Spire   Summ/Air       16%        N/A       34%         4
 Petrify                  Tmut/Erth      4%         N/A       67%         4
 Irradiate                Conj/Tmut      2%         3d12      95%         5
 Dispersal                Tloc           2%         N/A       100%        6


Dungeon Overview and Level Annotations

Branches:
Dungeon (3/15)

Altars:
Makhleb


Innate Abilities, Weirdness & Mutations

You cannot wear most types of armour.
You are amphibious.
You can wear up to eight rings at the same time.
Your skin changes colour to match your surroundings (Stealth+).
Your rubbery body absorbs attacks. (AC +1, EV +1)
((You are camouflaged when in or above water. (Stealth+)))
You have tentacles for arms and can constrict up to eight enemies at once.


Message History

Your quokka's corpse disappears in a puff of smoke!
The gnoll hits your guardian golem but does no damage.
A kobold comes into view.
It is wielding a +0 club and quivering poisoned darts.
The quokka bites you.
Your cerulean imp closely misses the gnoll.
You miss the quokka. Your grab misses the quokka. The gnoll closely misses you.
The gnoll hits your guardian golem with a +0 flail.
Your hound barely misses the quokka.
The quokka misses you.
Your cerulean imp barely misses the gnoll.
Unknown command.
Unknown command.
Unknown command.
Unknown command.
You closely miss the quokka. You grab the quokka.
You constrict the quokka, but do no damage.
Your hound bites the quokka but does no damage.
The quokka barely misses you.
The orc hits your guardian golem but does no damage.
The gnoll misses you.
Your hound barely misses the quokka.
Your cerulean imp barely misses the gnoll.
Unknown command.
Unknown command.
Unknown command.
Unknown command.
You tentacle-slap the quokka.
The quokka is lightly wounded.
You constrict the quokka. The quokka barely misses you.
The orc hits your guardian golem but does no damage.
The gnoll hits you from afar with a +0 spear!
* * * LOW HITPOINT WARNING * * *
The gnoll hits your hound with a +0 flail!
The gnoll misses your cerulean imp.
Your hound bites the quokka.
Your cerulean imp hits the gnoll with a -2 spear.
Your guardian golem overheats!
Unknown command.
Unknown command.
Unknown command.
You release your grip on the quokka.
The quokka attacks as you move away! The quokka bites you.
You die...

# #... # #... ##########
#... #......... ####...
#†........
#......########.........
#.#.....................
#...........###.........
##...@....# #.........
#.#>..r.....# ######....
......gh##### ###..
......5g# .... .....)9g#
.... ......Ko# ....
......... .........
........#


You could see 3 gnolls, an orc, a quokka (ally target), a kobold, a friendly
guardian golem (summoned, inner flame), a friendly hound (summoned, sheltered)
and a friendly cerulean imp (summoned, sheltered).

Vanquished Creatures
  An adder (D:2)
  A worm (D:2)
  6 endoplasms
  4 giant cockroaches
  3 goblins
  5 hobgoblins
  7 jackals
  A quokka (D:1)
  A ball python (D:2)
  4 bats
  A kobold (D:2)
  6 rats
40 creatures vanquished.

Vanquished Creatures (collateral kills)
  A gnoll (D:3)
  An adder (D:3)
  A dart slug (D:1)
  3 orcs (D:3)
  A ball python (D:3)
  3 bats
  2 endoplasms
  A hobgoblin (D:2)
  4 jackals
  3 kobolds (D:2)
  A rat (D:1)
21 creatures vanquished.

Grand Total: 61 creatures vanquished

Notes
Turn   | Place    | Note
-------+----------+-------------------------------------------
     0 | D:1      | cforsyth the Octopode Summoner began the quest for the Orb.
     0 | D:1      | Reached XP level 1. HP: 11/11 MP: 3/3
    75 | D:1      | Reached XP level 2. HP: 5/17 MP: 1/5
   500 | D:1      | Reached XP level 3. HP: 21/21 MP: 4/6
  1347 | D:2      | Found a burning altar of Makhleb.
  1383 | D:2      | Reached XP level 4. HP: 27/27 MP: 5/8
  1633 | D:2      | Learned a level 2 spell: Call Imp
  1637 | D:2      | Learned a level 3 spell: Call Canine Familiar
  1641 | D:2      | Learned a level 3 spell: Summon Guardian Golem
  2001 | D:3      | Reached skill level 5 in Summonings
  2228 | D:3      | Slain by a quokka

Illustrated notes

Levels and vault maps discovered:
D:1:      dpeg_arrival_stone_temple_mockup, layout_basic
D:2:      layout_loops_corners, basic_altar
D:3:      layout_basic, amcnicky_mini_corridor_feature

Skill      XL: |  1  2  3  4 |
---------------+-------------+-----
Spellcasting   | 3 |  3.3
Summonings     | 5 |  5.0
Dodging        | |  2.0
Stealth        | |  2.6
Hexes          | |  0.6

Action                     |  1- 3 |  4- 6 || total
---------------------------+-------+-------++-------
  Melee: Unarmed           |    76 |    45 ||   121
         Constrict         |    25 |    15 ||    40
         Tentacles         |    21 |    12 ||    33
   Cast: Summon Small Mamm |    38 |    21 ||    59
         Call Canine Famil |       |     4 ||     4
         Call Imp          |       |     3 ||     3
         Summon Guardian G |       |     1 ||     1
   Stab: Sleeping          |     5 |       ||     5
         Distracted        |     2 |       ||     2
 Armour: Skin              |     3 |     6 ||     9
  Dodge: Dodged            |    43 |    56 ||    99

Table legend: (Time is in decaauts)
 A = Elapsed time spent in this place.
 B = Non-inter-level travel time spent in this place.
 C = Inter-level travel time spent in this place.
 D = Time resting spent in this place.
 E = Time spent auto-exploring this place.
 F = Levels seen in this place.
 G = Mean time per level.
                   A        B        C        D        E       F      G
               +--------+--------+--------+--------+--------+-----+--------+
         Total |   2226 |   2159 |     67 |      0 |   1700 |   3 |  742.0 |
       Dungeon |   2226 |   2159 |     67 |      0 |   1700 |   3 |  742.0 |
               +--------+--------+--------+--------+--------+-----+--------+

Top non-repeatable levels by time:
     D:2: 1133 daAuts
     D:1: 720 daAuts
     D:3: 372 daAuts
